 Dungeon Crawl Stone Soup version 0.31-a0-1620-gcbf77bbcfc (webtiles) character file.

Game seed: 8574865984587815219

26 Ivernyr the Shield-Bearer (level 3, -2/29 HPs)
             Began as a Formicid Fighter on Jan 11, 2024.
             Slain by Crazy Yiuf
             ... wielding a +4 quarterstaff of chaos
              (10 damage)
             ... on level 2 of the Dungeon.
             The game lasted 00:01:13 (927 turns).

Ivernyr the Shield-Bearer (Formicid Fighter)         Turns: 927, Time: 00:01:14

Health: -2/29      AC:  6    Str: 22    XL:     3   Next: 22%
Magic:  1/3        EV:  9    Int:  7    God:
Gold:   115        SH:  5    Dex: 13    Spells: 2/2 levels left

rFire   . . .        a - +0 quarterstaff
rCold   . . .        c - +0 buckler
rNeg    + . .        b - +0 scale mail
rPois   .            (helmet unavailable)
rElec   .            (no cloak)
rCorr   .            (no gloves)
SInv    +            (no boots)
Will    .....        (no amulet) Stlth
                     e - ring of positive energy
HPRegen 0.24/turn    (no ring)
MPRegen 0.08/turn

%: no passive effects
@: no status effects
A: permanent stasis, dig shafts and tunnels, antennae 3, four strong arms
a: Dig, Shaft Self


You were on level 2 of the Dungeon.
You visited 1 branch of the dungeon, and saw 2 of its levels.

You collected 115 gold pieces.

Inventory:

Hand Weapons
 a - a +0 quarterstaff (weapon)
Armour
 b - a +0 scale mail (worn)
 c - a +0 buckler (worn)
Jewellery
 e - a ring of positive energy (left hand)
Wands
 m - a wand of roots (6)
Scrolls
 g - 2 scrolls of teleportation {unknown}
 i - a scroll of brand weapon {unknown}
 l - a scroll of vulnerability {unknown}
 n - a scroll of enchant weapon {unknown}
Potions
 d - a potion of might
 f - a potion of invisibility {unknown}
 h - a potion of brilliance {unknown}
 j - 4 potions of curing {unknown}
 k - a potion of attraction {unknown}
 o - a potion of haste {unknown}
 p - a potion of mutation {unknown}


   Skills:
 + Level 3.6 Fighting
 + Level 2.4 Staves
 + Level 3.6 Armour
 + Level 4.4 Shields


You had 2 spell levels left.
You didn't know any spells.
Your spell library was empty.

Dungeon Overview and Level Annotations

Branches:
Dungeon (2/15)

Altars:

Annotations:
D:2 Crazy Yiuf


Innate Abilities, Weirdness & Mutations

You cannot be hasted, slowed, berserked, paralysed or teleported.
You can dig through walls and to a lower floor.
You have a pair of large antennae on your head. (SInv)
Your four strong arms can wield two-handed weapons with a shield.


Message History

You now have 92 gold pieces (gained 12).
m - a wand of roots (6)
n - a scroll labelled ZAECLEMALA You sense a monster nearby.
A hobgoblin comes into view.
The hobgoblin shouts!
You hit the hobgoblin but do no damage. You block the hobgoblin's attack. x2
You sock the hobgoblin!
You kill the hobgoblin!
Found a stone staircase leading down.
You open the door.
There is an open door here.
o - a fuming pink potion;
p - a bubbling brown potion You see here a staff of fire.
You sense a monster nearby.
A hobgoblin comes into view.
The hobgoblin hits you but does no damage.
You hit the hobgoblin but do no damage. The hobgoblin hits you.
You barely miss the hobgoblin. The hobgoblin hits you.
You hit the hobgoblin.
You kill the hobgoblin!
You now have 108 gold pieces (gained 16).
You open the door.
Found a stone staircase leading down.
There is an open door here.
j - 4 green potions (gained 1)
You now have 115 gold pieces (gained 7).
Found a hammer.
Found a runed translucent door.
Crazy Yiuf shouts!
You sense a monster nearby.
You open the door. You closely miss Crazy Yiuf.
Crazy Yiuf hits you with a +4 quarterstaff of chaos!
Crazy Yiuf burns you.
Crazy Yiuf hits you with a +4 quarterstaff of chaos!
* * * LOW HITPOINT WARNING * * *
You feel your power leaking away.
You barely miss Crazy Yiuf.
Crazy Yiuf hits you with a +4 quarterstaff of chaos!
You die...

#....####..#
#....# #..#
{ ♣....♣
#### {
♣...♣♣ {
♣♣.♣♣ ♣.♣♣
♣♣.♣ ♣.♣♣
♣♣@♣ #g# ...
#...# #..)#
#####


You could see Crazy Yiuf.

Vanquished Creatures
  3 endoplasms
  A giant cockroach (D:1)
  2 goblins (D:1)
  4 hobgoblins
  6 kobolds
  A quokka (D:1)
  3 ball pythons
  A bat (D:2)
  A frilled lizard (D:2)
  3 rats (D:1)
25 creatures vanquished.

Notes
Turn   | Place    | Note
-------+----------+-------------------------------------------
     0 | D:1      | Ivernyr the Formicid Fighter began the quest for the Orb.
     0 | D:1      | Reached XP level 1. HP: 18/18 MP: 1/1
    96 | D:1      | Reached XP level 2. HP: 19/24 MP: 2/2
   648 | D:2      | Reached XP level 3. HP: 29/29 MP: 3/3
   921 | D:2      | Found a runed translucent door.
   922 | D:2      | Noticed Crazy Yiuf
   927 | D:2      | Slain by Crazy Yiuf

Illustrated notes

Levels and vault maps discovered:
D:1:      shiori_arrival_oz, layout_basic
D:2:      layout_basic, uniq_robin, uniq_crazy_yiuf_cottage

Action                     || total
---------------------------++-------
  Melee: Quarterstaff      ||    56
 Armour: Scale mail        ||    37
  Dodge: Dodged            ||    18
  Block: Buckler           ||    13

Table legend: (Time is in decaauts)
 A = Elapsed time spent in this place.
 B = Non-inter-level travel time spent in this place.
 C = Inter-level travel time spent in this place.
 D = Time resting spent in this place.
 E = Time spent auto-exploring this place.
 F = Levels seen in this place.
 G = Mean time per level.
                   A        B        C        D        E       F      G
               +--------+--------+--------+--------+--------+-----+--------+
         Total |    938 |    905 |     33 |      0 |    722 |   2 |  469.0 |
       Dungeon |    938 |    905 |     33 |      0 |    722 |   2 |  469.0 |
               +--------+--------+--------+--------+--------+-----+--------+

Top non-repeatable levels by time:
     D:1: 614 daAuts
     D:2: 323 daAuts
